Map: Disco Bloodbath LE

Players

BlysK - Winner!

  • Race: Protoss Protoss
  • League: Master
  • Spawn Location: 9:00

DarkUnnamed

  • Race: Zerg Zerg
  • League: Grandmaster
  • Spawn Location: 3:00

Event: NationWars 2019

VOD

Have the link to the VOD?

Description

Time

  • Played on: Oct. 1, 2019, 10:53 a.m.
  • Length: 7:44
Show
View Real Time Build Order
Export as new Build Order

BlysK Protoss - Winner!

Build Orders: 1 Gate Expand, Oracle Opening, Phoenix Opening 

Get SALT Encoding   

  12  0:01  Probe  
  13  0:13  Probe  
  14  0:20  Pylon  
  14  0:25  Probe  
  15  0:38  Probe (Chrono Boost)  
  15  0:42  Gateway  
  16  0:45  Assimilator  
  17  0:50  Probe (Chrono Boost)  
  17  0:55  Probe (Chrono Boost)  
  18  1:04  Probe  
  19  1:17  Probe  
  20  1:24  Nexus  
  20  1:35  Cybernetics Core  
  20  1:38  Probe  
  21  1:46  Assimilator  
  21  1:52  Pylon, Probe  
  22  2:04  Probe  
  23  2:09  Adept (Chrono Boost)  
  25  2:16  Probe  
  25  2:21  Stargate  
  26  2:28  Probe  
  26  2:29  Adept (Chrono Boost)  
  27  2:33  Warp Gate  
  29  2:39  Probe  
  29  2:40  Probe  
  31  2:51  Adept, Probe  
  32  2:53  Probe  
  35  3:03  Probe  
  35  3:05  Phoenix (Chrono Boost), Probe  
  39  3:15  Probe  
  39  3:17  Probe  
  41  3:23  Oracle (Chrono Boost)  
  41  3:24  Gateway  
  44  3:27  Probe  
  44  3:29  Probe  
  44  3:32  Pylon  
  46  3:43  Gateway  
  46  3:46  Gateway  
  46  3:50  Probe  
  46  3:53  Oracle (Chrono Boost)  
  46  3:55  Probe  
  48  4:00  Pylon  
  52  4:02  Probe  
  52  4:07  Probe  
  49  4:11  Pylon  
  49  4:14  Probe  
  50  4:19  Probe  
  50  4:22  Oracle (Chrono Boost)  
  51  4:27  Pylon, Probe  
  55  4:37  Nexus  
  56  4:38  Adept  
  56  4:39  Adept  
  56  4:40  Adept  
  61  4:48  Probe  
  61  4:50  Assimilator  
  59  4:53  Adept, Assimilator  
  59  4:55  Probe  
  59  4:59  Adept x2  
  66  5:01  Adept  
  68  5:08  Probe  
  68  5:11  Robotics Facility  
  70  5:14  Probe  
  70  5:20  Probe  
  71  5:26  Probe  
  71  5:28  Shield Battery  
  72  5:45  Probe  
  71  5:52  Probe  
  71  5:53  Stalker x2  
  71  5:54  Sentry x2  
  74  5:57  Probe, Twilight Council  
  74  5:58  Forge  
  74  6:00  Gateway  
  74  6:03  Gateway  
  74  6:04  Probe  
  74  6:09  Probe  
  73  6:12  Probe  
  73  6:16  Pylon, Probe  
  69  6:21  Probe  
  69  6:24  Probe, Immortal (Chrono Boost)  
  69  6:28  Probe  
  69  6:31  Gateway  
  69  6:32  Gateway  
  72  6:33  Probe  
  72  6:36  Probe  
  74  6:44  Stalker x3  
  74  6:46  Stalker  
  82  6:53  Warp Prism (Chrono Boost)  
  84  6:59  Assimilator  
  84  7:00  Pylon  
  84  7:04  Sentry x2  
  84  7:07  Photon Cannon  
  88  7:08  Shield Battery  
  88  7:10  Pylon  
  88  7:11  Stalker  
  88  7:14  Adept x2  
  94  7:21  Observer (Chrono Boost)  
  95  7:25  Stalker  
  95  7:26  Zealot  
Show
View Real Time Build Order
Export as new Build Order

DarkUnnamed Zerg 

Build Orders: Hatch First 

Get SALT Encoding   

  12  0:01  Drone  
  13  0:13  Overlord  
  13  0:18  Drone  
  14  0:32  Drone x2  
  16  0:49  Hatchery  
  15  0:51  Drone  
  15  0:54  Drone  
  17  0:58  Drone  
  18  1:09  Extractor  
  17  1:14  Spawning Pool  
  17  1:17  Drone  
  17  1:20  Drone  
  18  1:32  Drone  
  19  1:40  Overlord  
  19  1:52  Drone  
  20  2:03  Queen x2  
  20  2:04  Zergling x2  
  20  2:06  Drone  
  26  2:12  Drone x2  
  28  2:23  Drone x2  
  30  2:35  Metabolic Boost  
  30  2:37  Zergling x2, Hatchery  
  30  2:44  Overlord  
  30  2:51  Queen  
  30  2:52  Drone  
  30  2:54  Drone  
  30  2:56  Drone  
  36  2:58  Drone  
  36  3:05  Drone x2  
  37  3:15  Overlord  
  37  3:17  Drone  
  37  3:18  Drone x3  
  37  3:19  Drone  
  42  3:23  Overlord  
  42  3:26  Drone  
  43  3:33  Overlord, Queen  
  45  3:36  Drone  
  46  3:44  Zergling x2  
  46  3:45  Zergling x2  
  47  3:55  Overlord  
  45  4:04  Drone  
  45  4:05  Drone x7  
  45  4:08  Spore Crawler  
  51  4:15  Queen  
  51  4:16  Drone x3  
  52  4:31  Drone  
  52  4:32  Spore Crawler, Drone x2  
  52  4:33  Spore Crawler, Drone  
  54  4:38  Drone  
  54  4:39  Drone x2  
  54  4:43  Drone  
  54  4:44  Drone x2  
  57  4:48  Drone  
  57  4:49  Drone x2  
  60  5:00  Overlord  
  60  5:03  Roach Warren, Drone  
  60  5:04  Drone x3  
  63  5:08  Extractor  
  63  5:10  Extractor  
  61  5:16  Drone x3  
  61  5:17  Drone x2  
  61  5:19  Overlord  
  61  5:20  Drone  
  67  5:23  Extractor  
  67  5:24  Extractor  
  67  5:27  Drone x3  
  67  5:28  Drone x3  
  71  5:30  Drone x2  
  61  5:44  Roach x3  
  61  5:47  Roach x3  
  61  5:51  Roach  
  61  5:52  Roach x2  
  61  5:56  Roach  
  55  5:59  Roach  
  53  6:07  Roach  
  53  6:08  Roach  
  55  6:17  Roach x2  
  54  6:28  Drone  
  54  6:29  Drone x2  
  54  6:30  Drone  
  58  6:39  Drone  
  60  6:40  Drone  
  61  6:47  Drone x3  
  63  6:54  Drone x2  
  63  6:55  Drone  
  63  7:00  Ravager x3  
  63  7:01  Ravager  
  70  7:04  Drone  
  70  7:05  Drone  
  72  7:09  Drone  
  72  7:12  Drone x2  
  75  7:15  Drone  
  75  7:16  Drone  
  77  7:23  Drone  
Tags
 
Add a new tag
Caveats
  • Supply blocks, unpowered buildings, or Contaminate may cause inaccurate times.
  • Supply counts are checked every 10 seconds.